Construct Weapon Support Center
Selects Special Operations Battlegroup
Selects M29 Weasel with M1 Pack Howitzer
M29 Weasel with M1 Pack Howitzer
Construct Medical Station
Mechanized Support Center
Selects SSF Commando Squad
M1918 Browning Automatic Rifles
Improved M9 Bazooka Rockets
M18 Hellcat Tank Destroyer
Selects P-47 Anti-Infantry Loiter
Selects UNKNOWN (2162291)
M18 Hellcat Tank Destroyer
Selects Assault Operation
M18 Hellcat Tank Destroyer